 Dungeon Crawl Stone Soup version 0.31.0-32-g396128a36d (webtiles) character file.

Game seed: 13992737295627496869

994 MollyMolluskus the Ruffian (level 8, -2/55 HPs)
             Began as an Octopode Fighter on Mar 31, 2024.
             Slain by Maggie
             ... wielding a +1 heavy scimitar
              (17 damage)
             ... on level 6 of the Dungeon.
             The game lasted 00:11:32 (4296 turns).

MollyMolluskus the Ruffian (Octopode Fighter)       Turns: 4296, Time: 00:11:32

Health: -2/55      AC:  2    Str: 17    XL:     8   Next: 19%
Magic:  8/8        EV: 14    Int: 11    God:
Gold:   341        SH:  0    Dex: 11    Spells: 7/7 levels left

rFire   + .          .
                       - Unarmed
rCold   . . .        a - +1 buckler
rNeg    + . .        n - +1 hat
rPois   .            (no amulet)
rElec   .            k - ring of protection from fire
rCorr   .            m - ring of willpower
SInv    .            i - ring of positive energy
Will    +....        (no ring)
Stlth   ++           (no ring)
HPRegen 0.29/turn    (no ring)
MPRegen 0.11/turn    (no ring)
                     (no ring)

%: no passive effects
@: confused, ambrosia-drunk, mesmerised
A: almost no armour, amphibious, 8 rings, camouflage 1, gelatinous body 1,
(nimble swimmer 1), tentacles
a: no special abilities


You were on level 6 of the Dungeon.
You visited 1 branch of the dungeon, and saw 6 of its levels.

You collected 369 gold pieces.
You spent 28 gold pieces at shops.

Inventory:

Hand Weapons
 o - a +1 dagger of electrocution
Missiles
 g - 10 boomerangs
 h - 4 poisoned darts (quivered)
Armour
 a - a +1 buckler (worn)
 n - a +1 hat (worn)
Jewellery
 i - a ring of positive energy (on tentacle)
 k - a ring of protection from fire (left tentacle)
 m - a ring of willpower (right tentacle)
Scrolls
 c - a scroll of teleportation
 j - 3 scrolls of poison
Potions
 b - a potion of might
 e - a potion of curing
 f - a potion of haste
 l - 2 potions of attraction {unknown}
 p - a potion of heal wounds {unknown}


   Skills:
 + Level 5.0 Fighting
 + Level 5.2 Dodging
 - Level 4.0 Stealth
 - Level 4.0 Shields
 * Level 6.1 Unarmed Combat


You had 7 spell levels left.
You didn't know any spells.
Your spell library contained the following spells:

 Spells                   Type           Power      Damage    Failure   Level
 Ozocubu's Armour         Ice            0%         N/A       80%         3
 Metabolic Englaciation   Hex/Ice        0%         N/A       100%        5
 Sculpt Simulacrum        Ice/Alch       0%         N/A       100%        6


Dungeon Overview and Level Annotations

Branches:
Dungeon (6/15)
 Temple: D:4-7

Altars:
Kikubaaqudgha
Okawaru
Yredelemnul
The Shining One

Shops:
D:2 (   D:3 [*:[

Annotations:
D:3 1 runed translucent door, Tripartite's ghost, weakling MfDe
D:6 Maggie


Innate Abilities, Weirdness & Mutations

You cannot wear most types of armour.
You are amphibious.
You can wear up to eight rings at the same time.
Your skin changes colour to match your surroundings (Stealth+).
Your rubbery body absorbs attacks. (AC +1, EV +1)
((You are camouflaged when in or above water. (Stealth+)))
You have tentacles for arms and can constrict up to eight enemies at once.


Message History

Aim: Maggie, wielding a +1 heavy scimitar and wearing +0 steam dragon scales (54% to hit)
You throw a poisoned dart. The poisoned dart hits Maggie.
Maggie is poisoned.
Unknown command.
Maggie points at you and mumbles some strange words.
The bolt of fire hits you! You resist.
There is a stone staircase leading up here.
You tentacle-slap Maggie. Your grab misses Maggie. Your squeeze misses Maggie.
Maggie is lightly wounded.
Maggie gestures wildly while chanting.
Maggie attempts to bespell you!
You are mesmerised by Maggie!
You tentacle-slap Maggie. You grab Maggie.
You squeeze Maggie, but do no damage.
Maggie is lightly wounded.
You constrict Maggie. You block Maggie's attack.
You tentacle-slap Maggie but do no damage.
Maggie is moderately wounded.
You constrict Maggie. You barely miss Maggie.
Maggie is moderately wounded.
You constrict Maggie.
Maggie hits you with a +1 heavy scimitar!
You bludgeon Maggie! You squeeze Maggie!
Maggie is heavily wounded.
You constrict Maggie.
Maggie hits you with a +1 heavy scimitar!
* * * LOW HITPOINT WARNING * * *
Unknown command.
You tentacle-slap Maggie.
Maggie is severely wounded.
You constrict Maggie.
Unknown command.
You feel better.
You constrict Maggie.
Maggie says, "Fear not.
I will immortalise you in the tale of my first kill."
Maggie hits you with a +1 heavy scimitar!
* * * LOW HITPOINT WARNING * * *
You are confused.
You feel invigorated.
You constrict Maggie.
Maggie looks more healthy.
Maggie hits you with a +1 heavy scimitar!
You die...

... #.# #.# ... #.#
#.# #.##########
#.@@........
#.######(##########
..........##
..####.....#
#....## ##...#
##.## #.# #'# .


You could see Maggie (mesmerising).

Vanquished Creatures
  Eustachio (D:4)
  An ice beast (D:5)
  An ogre (D:5)
  2 water moccasin zombies (D:5)
  A burial acolyte (D:5)
  2 bullfrog zombies (D:5)
  2 hounds
  A jelly (D:4)
  An orc priest (D:4)
  2 iguanas (D:4)
  An orc wizard (D:3)
  A hound zombie (D:5)
  6 adders
  3 shadow imps (D:5)
  A white imp (D:5)
  2 ufetubi (D:5)
  4 adder zombies (D:5)
  2 dart slugs
  3 ribbon worms
  18 orcs
  6 ball pythons
  3 bats
  8 endoplasms
  4 giant cockroaches
  3 gnoll zombies (D:5)
  6 goblins
  4 hobgoblins
  4 jackals
  2 quokkas
  3 frilled lizards (D:1)
  8 kobolds
  A kobold zombie (D:5)
  3 rats
110 creatures vanquished.

Vanquished Creatures (others)
  An adder (D:6)
1 creature vanquished.

Grand Total: 111 creatures vanquished

Notes
Turn   | Place    | Note
-------+----------+-------------------------------------------
     0 | D:1      | MollyMolluskus the Octopode Fighter began the quest for the
                  | Orb.
     0 | D:1      | Reached XP level 1. HP: 16/16 MP: 1/1
   149 | D:1      | Reached XP level 2. HP: 19/21 MP: 2/2
   276 | D:1      | Reached skill level 1 in Stealth
   599 | D:2      | Reached XP level 3. HP: 26/26 MP: 3/3
   778 | D:2      | Found a faded altar of an unknown god.
   951 | D:2      | Found Zampox's Weapon Shop.
  1052 | D:2      | Reached skill level 3 in Unarmed Combat
  1056 | D:2      | Reached XP level 4. HP: 28/31 MP: 4/4
  1231 | D:3      | Found Hufeehar's Assorted Antiques.
  1261 | D:3      | Found Feyhuehy's Book Boutique.
  1288 | D:3      | Bought a scroll labelled OWAHIKIPEPT for 28 gold pieces
  1381 | D:3      | Found a faded altar of an unknown god.
  1407 | D:3      | Found a glowing golden altar of the Shining One.
  1436 | D:3      | Found Buewk's Armour Emporium.
  1531 | D:3      | Found a runed translucent door.
  1532 | D:3      | Noticed Tripartite's ghost (weakling MfDe)
  1633 | D:3      | Reached XP level 5. HP: 33/36 MP: 5/5
  1666 | D:3      | Found Ilyodghah's Antique Armour Shoppe.
  2082 | D:4      | Reached XP level 6. HP: 43/43 MP: 6/6
  2105 | D:4      | Reached skill level 4 in Unarmed Combat
  2173 | D:4      | Noticed Eustachio
  2183 | D:4      | Killed Eustachio
  2375 | D:4      | Found an iron altar of Okawaru.
  2432 | D:4      | Reached XP level 7. HP: 34/48 MP: 7/7
  2730 | D:5      | Entered Level 5 of the Dungeon
  2878 | D:5      | Reached skill level 5 in Unarmed Combat
  3208 | D:5      | Found an ancient bone altar of Kikubaaqudgha.
  3256 | D:5      | Found a basalt altar of Yredelemnul.
  3307 | D:5      | Reached XP level 8. HP: 40/54 MP: 8/8
  3309 | D:5      | Reached skill level 5 in Dodging
  3600 | D:5      | Reached skill level 5 in Fighting
  3600 | D:5      | Reached skill level 6 in Unarmed Combat
  4178 | D:6      | Noticed Maggie
  4296 | D:6      | Slain by Maggie

Illustrated notes

Levels and vault maps discovered:
D:1:      dpeg_arrival_tiny_d, layout_basic, corexii_corridor_pit, st_stairs_2
D:2:      layout_rooms, serial_shops, nicolae_shop_competitors_out_of_business,
          basic_ecumenical_altar, chequers_serial_rivers_small_b
D:3:      layout_loops_cross, nicolae_overflow_ecumenical_swirl, serial_shops,
          shop, shop, shop, shop, ebering_ghost_reflecting_pool
D:4:      layout_rooms, marbit_many_paths, uniq_eustachio
D:5:      layout_layer_cave, regret_index_kikubaaqudgha_part_by_part,
          nicolae_yredelemnul_corpse_copse
D:6:      layout_loops_corners, old_standard_altar,
          nemelex_diamond_rough_becter, serial_shops, shop, uniq_maggie

Skill      XL: |  1  2  3  4  5  6  7  8 |
---------------+-------------------------+-----
Stealth        | 1 2 3 4 |  4.0
Unarmed Combat | 3 4 5 6 |  6.1
Fighting       | 4 5 |  5.0
Dodging        | 4 5 |  5.2
Shields        | 4 |  4.0

Action                     |  1- 3 |  4- 6 |  7- 9 || total
---------------------------+-------+-------+-------++-------
  Melee: Unarmed           |    74 |    99 |    95 ||   268
         Tentacles         |    17 |    22 |    23 ||    62
         Constrict         |    20 |    28 |    26 ||    74
         Punch             |     1 |     4 |     3 ||     8
  Throw: Stone             |     1 |       |       ||     1
         Boomerang         |       |     6 |    13 ||    19
         Dart              |       |       |     4 ||     4
    Use: Scroll            |     9 |     5 |     1 ||    15
         Potion            |       |       |     2 ||     2
   Stab: Sleeping          |     7 |     4 |     1 ||    12
         Distracted        |       |       |     1 ||     1
 Armour: Skin              |    20 |    31 |    39 ||    90
  Dodge: Dodged            |    28 |    52 |    52 ||   132
  Block: Buckler           |    13 |    18 |    14 ||    45
